 Dungeon Crawl Stone Soup version 0.31-a0-164-g2312942fda (webtiles) character file.

Game seed: 16247346717334245399

805 porpoise the Trooper (level 8, -3/58 HPs)
             Began as a Djinni Fire Elementalist on June 14, 2023.
             Slain by a gnoll sergeant
             ... wielding a +0 trident
              (8 damage)
             ... on level 5 of the Dungeon.
             The game lasted 00:12:02 (3193 turns).

porpoise the Trooper (Djinni Fire Elementalist)     Turns: 3193, Time: 00:12:03

Health: -3/58      AC:  4    Str: 13    XL:     8   Next: 14%
Gold:   220        EV: 12    Int: 20    God:
                   SH:  0    Dex: 19

rFire   + + .        a - +2 dagger (venom)
rCold   x . .        (no shield)
rNeg    . . .        c - +0 robe
rPois   ∞            g - +1 helmet
rElec   .            (no cloak)
rCorr   .            (no gloves)
SInv    .            (boots unavailable)
Will    .....        (no amulet)
Stlth   +++          b - +6 ring of dexterity
HPRegen 0.29/turn    q - +6 ring of strength
MPRegen 0.00/turn

%: infuse magic (-4 HP)
@: brilliant, wereblooded, flying
A: sickness immunity, fire resistance 2, cold vulnerability 1, float, innate
caster, HP casting, extra vitality 1
a: no special abilities


You were on level 5 of the Dungeon.
You visited 1 branch of the dungeon, and saw 5 of its levels.

You collected 220 gold pieces.

Inventory:

Hand Weapons
 a - a +2 dagger of venom (weapon)
Missiles
 m - 2 throwing nets
Armour
 c - a +0 robe (worn)
 g - a +1 helmet (worn)
Jewellery
 b - a +6 ring of dexterity (left hand)
 q - a +6 ring of strength (right hand)
Wands
 o - a wand of roots (7)
Scrolls
 d - a scroll of teleportation
 e - a scroll of immolation {unknown}
 i - a scroll of poison {unknown}
 j - 2 scrolls of revelation
 p - a scroll of silence {unknown}
 r - a scroll of amnesia {unknown}
 s - a scroll of identify {unknown}
 t - a scroll of enchant weapon {unknown}
Potions
 f - a potion of attraction {unknown}
 h - a potion of mutation {unknown}
 k - a potion of brilliance
 l - 2 potions of lignification {unknown}
 n - 2 potions of curing {unknown}


   Skills:
 + Level 4.9 Fighting
 - Level 2.1 Dodging
 + Level 4.9 Stealth
 + Level 4.4 Spellcasting
 + Level 4.4 Conjurations
 + Level 4.4 Hexes
   Level 0.0 Charms
 + Level 4.4 Summonings
 + Level 4.4 Necromancy
 + Level 4.4 Translocations
 + Level 4.4 Transmutations
 + Level 4.4 Fire Magic
 + Level 4.4 Ice Magic
 + Level 4.4 Air Magic
 + Level 4.4 Earth Magic
 + Level 4.4 Poison Magic


You knew the following spells:

 Your Spells              Type           Power      Damage    Failure   Level
a - Foxfire               Conj/Fire      100%       2x1d9     1%          1
b - Scorch                Fire           66%        2d8       3%          2
c - Volatile Blastmotes   Fire/Tloc      66%        2d15      6%          3
d - Inner Flame           Hex/Fire       33%        N/A       6%          3
e - Flame Wave            Conj/Fire      33%        2d10      21%         4
f - Freeze                Ice            100%       1d10      1%          1
n - Call Canine Familiar  Summ           33%        N/A       6%          3
w - Wereblood             Tmut           33%        N/A       3%          2
Your spell library was empty.

Dungeon Overview and Level Annotations

Branches:
Dungeon (5/15)
 Temple: D:4-7

Altars:
Wu Jian


Innate Abilities, Weirdness & Mutations

You are immune to sickness and miasma.
You are immune to poison.
Your flesh is very heat resistant. (rF++)
You are vulnerable to cold. (rC-)
You float through the air rather than walking.
You learn spells naturally, not from books.
Your magical power is your life essence.
You have superior vitality. (+4 MHP)


Message History

You hit the gnoll but do no damage.
The gnoll looks as sick as possible!
The gnoll is moderately wounded.
The gnoll sergeant closely misses you.
Something hits the plant.
The jelly hits the plant.
The plant is splashed with acid.
The acid corrodes the plant!
The gnoll closely misses you.
You hit the gnoll.
The gnoll looks as sick as possible!
The gnoll is severely wounded.
Your attacks no longer feel as feeble.
A nearby plant withers and dies.
The gnoll sergeant hits you from afar with a +0 trident!
The gnoll misses you.
You hit the gnoll.
The gnoll looks as sick as possible!
The gnoll is severely wounded.
A nearby plant withers and dies.
The gnoll sergeant hits you from afar with a +0 trident.
The gnoll closely misses you.
You barely miss the gnoll.
The gnoll is almost dead.
You feel a bit better.
You kill the gnoll!
The gnoll sergeant misses you.
You closely miss the gnoll.
The gnoll sergeant hits you from afar with a +0 trident.
The gnoll closely misses you.
You hit the gnoll but do no damage.
The gnoll is poisoned.
Your punch misses the gnoll.
You howl as the wereblood boils in your veins!
The gnoll sergeant closely misses you. The gnoll hits you with a +3 flail.
You hit the gnoll.
The gnoll is heavily wounded.
You howl as the wereblood boils in your veins!
The gnoll sergeant hits you from afar with a +0 trident!
* * * LOW HITPOINT WARNING * * *
The gnoll barely misses you.
The gnoll bouda calls upon its god to heal the gnoll.
The gnoll is healed somewhat.
It was a potion of brilliance.
You feel clever all of a sudden.
The gnoll sergeant hits you from afar with a +0 trident!
You die...

...P.P.
....PP.+##
.........#
.P.......#
Pg......^#
..g..Jhg.#
#..g.gg#
######g# #@#
#.# #.# #.#
#.#
#.###########
#.#.........#
#.#.#######.#
#.#.#<....#.#


You could see a gnoll sergeant (swift), a gnoll bouda, a hound (inner flame), a
jelly and 2 gnolls.

Vanquished Creatures
  Grinder (D:4)
  A black bear (D:5)
  2 phantoms (D:4)
  A scorpion (D:4)
  A howler monkey (D:4)
  A hound (D:4)
  A sleepcap (D:4)
  2 iguanas
  Ijyb (D:3)
  4 gnolls
  2 adders
  2 worms
  3 dart slugs
  7 ball pythons
  5 endoplasms
  3 giant cockroaches (D:4)
  6 goblins
  10 hobgoblins
  4 jackals (D:1)
  4 quokkas
  3 bats
  4 frilled lizards
  5 kobolds
  2 rats
75 creatures vanquished.

Vanquished Creatures (collateral kills)
  2 foxfires (D:5)
2 creatures vanquished.

Vanquished Creatures (others)
  193 foxfires
193 creatures vanquished.

Grand Total: 270 creatures vanquished

Notes
Turn   | Place    | Note
-------+----------+-------------------------------------------
     0 | D:1      | porpoise the Djinni Fire Elementalist began the quest for
                  | the Orb.
     0 | D:1      | porpoise set off with the following spells memorised:
                  | Foxfire, Scorch, Volatile Blastmotes, Inner Flame, Flame
                  | Wave.
     0 | D:1      | Reached XP level 1. HP: 15/15 MP: 0/0
    93 | D:1      | Reached XP level 2. HP: 21/22 MP: 0/0
   245 | D:1      | Reached skill level 1 in Fighting
   322 | D:1      | Reached XP level 3. HP: 25/27 MP: 0/0
   322 | D:1      | Learned a level 1 spell: Freeze
  1076 | D:2      | Reached XP level 4. HP: 33/33 MP: 0/0
  1220 | D:2      | You are sucked into a shaft and drop 2 floors!
  1235 | D:4      | Reached XP level 5. HP: 25/39 MP: 0/0
  1235 | D:4      | Learned a level 2 spell: Wereblood
  1268 | D:4      | Noticed a phantom
  1279 | D:4      | Killed a phantom
  1280 | D:4      | Reached XP level 6. HP: 20/46 MP: 0/0
  1607 | D:3      | Noticed Ijyb
  1619 | D:3      | Killed Ijyb
  1845 | D:3      | Found a faded altar of an unknown god.
  1935 | D:3      | Reached XP level 7. HP: 51/51 MP: 0/0
  1935 | D:3      | Learned a level 3 spell: Call Canine Familiar
  2306 | D:3      | Found an ornate altar of the Wu Jian Council.
  2743 | D:4      | Noticed Grinder
  2765 | D:4      | Killed Grinder
  3009 | D:5      | Entered Level 5 of the Dungeon
  3131 | D:5      | Reached XP level 8. HP: 51/58 MP: 0/0
  3193 | D:5      | Slain by a gnoll sergeant

Illustrated notes

Levels and vault maps discovered:
D:1:      lightli_arrival_quake, layout_rooms, minmay_misc_feat_plants
D:2:      layout_basic
D:3:      layout_basic, nzn_wu_jian_council_hall, nicolae_ecumenical_pavilion,
          st_stairs_3, uniq_ijyb
D:4:      layout_basic, portal_sewer_entry_c, serial_corexii_hall,
          chequers_hall_statues_wall_a, corexii_hall_statues_i,
          chequers_hall_statues_wall_a, uniq_grinder
D:5:      layout_basic, gammafunk_ghost_stat_death, serial_shops,
          nicolae_diamond_shop, nicolae_grassy_gnolls

Skill      XL: |  1  2  3  4  5  6  7 |
---------------+----------------------+-----
Spellcasting   | 4 |  4.4
Conjurations   | 4 |  4.4
Hexes          | 4 |  4.4
Summonings     | 4 |  4.4
Necromancy     | 4 |  4.4
Translocations | 4 |  4.4
Transmutations | 4 |  4.4
Fire Magic     | 4 |  4.4
Ice Magic      | 4 |  4.4
Air Magic      | 4 |  4.4
Earth Magic    | 4 |  4.4
Poison Magic   | 4 |  4.4
Fighting       | 1 2 3 4 |  4.9
Stealth        | 2 3 4 |  4.9
Dodging        | |  2.1

Action                     |  1- 3 |  4- 6 |  7- 9 || total
---------------------------+-------+-------+-------++-------
  Melee: Dagger            |    23 |    27 |    28 ||    78
         Unarmed           |     3 |       |       ||     3
         Short sword       |     2 |       |       ||     2
   Cast: Foxfire           |    37 |    43 |    26 ||   106
         Scorch            |       |     9 |     2 ||    11
         Inner Flame       |       |       |     1 ||     1
         Wereblood         |       |       |     1 ||     1
    Use: Scroll            |       |     2 |       ||     2
         Potion            |       |       |     1 ||     1
   Stab: Sleeping          |       |     1 |     4 ||     5
 Armour: Robe              |     8 |     9 |     3 ||    20
  Dodge: Dodged            |    22 |    20 |    17 ||    59

Table legend: (Time is in decaauts)
 A = Elapsed time spent in this place.
 B = Non-inter-level travel time spent in this place.
 C = Inter-level travel time spent in this place.
 D = Time resting spent in this place.
 E = Time spent auto-exploring this place.
 F = Levels seen in this place.
 G = Mean time per level.
                   A        B        C        D        E       F      G
               +--------+--------+--------+--------+--------+-----+--------+
         Total |   3189 |   3132 |     57 |    691 |   1856 |   5 |  637.8 |
       Dungeon |   3189 |   3132 |     57 |    691 |   1856 |   5 |  637.8 |
               +--------+--------+--------+--------+--------+-----+--------+

Top non-repeatable levels by time:
     D:3: 915 daAuts
     D:4: 872 daAuts
     D:1: 706 daAuts
     D:2: 511 daAuts
     D:5: 183 daAuts
